 Dungeon Crawl Stone Soup version 0.20.1-1-g8b1a95d (webtiles) character file.

28 Internecine the Shooter (level 2, -1/23 HPs)
             Began as a Centaur Arcane Marksman on Sept 25, 2017.
             Killed from afar by Sigmund (2 damage)
             ... with a puff of flame
             ... on level 2 of the Dungeon.
             The game lasted 00:20:41 (1784 turns).

Internecine the Shooter (Centaur Arcane Marksman)   Turns: 1784, Time: 00:20:41

Health: -1/23      AC:  6    Str: 10    XL:     2   Next: 96%
Magic:  3/3        EV:  9    Int: 12    God:
Gold:   105        SH:  0    Dex:  9    Spells: 0/3 levels left

rFire    + . .     SeeInvis .   i - +1 short sword
rCold    + . .     Gourm    +   (no shield)
rNeg     . . .     Faith    .   b - +0 leather armour
rPois    +         Spirit   .   (no helmet)
rElec    +         Reflect  .   (no cloak)
rCorr    +         Harm     .   (no gloves)
MR       .....                  (no barding)
Stlth    ..........             g - amulet of the gourmand
Regen    0.1/turn               (no ring)
MPRegen  0.1/turn               (no ring)

@: resistant, very quick
A: claws 1, hooves 3, thin metallic scales 1, deformed body, speed 2, tough skin
3, weak 1
a: no special abilities


You were on level 2 of the Dungeon.
You were very full.

You visited 1 branch of the dungeon, and saw 2 of its levels.

You collected 105 gold pieces.

Inventory:

Hand Weapons
 a - a +0 shortbow
 i - a +1 short sword (weapon)
 k - a +0 club
 m - a +0 short sword
 s - a +0 club
 t - a +0 club
 u - a +0 club
 v - a +0 trident
Missiles
 d - 10 arrows
 h - 34 stones (quivered)
Armour
 b - a +0 leather armour (worn)
 e - a +0 robe
 n - a +0 shield
 o - a +0 leather armour
Jewellery
 g - an amulet of the gourmand (around neck)
Scrolls
 p - a scroll of magic mapping {unknown}
 q - a scroll of identify
 r - 2 scrolls of remove curse
Books
 c - a book of Debilitation

   Spells                             Type                      Level
   a - Corona                         Hexes                        1
   b - Slow                           Hexes                        2
   c - Inner Flame                    Hexes/Fire                   3
   d - Portal Projectile              Hexes/Translocation          3
   e - Cause Fear                     Hexes                        4
   f - Leda's Liquefaction            Hexes/Earth                  4
Comestibles
 f - a bread ration
 w - a chunk of flesh


   Skills:
 + Level 1.0 Fighting
 + Level 0.1 Short Blades
 + Level 3.6 Bows
 + Level 0.5 Armour
 + Level 1.5 Dodging
 + Level 1.0 Spellcasting
 + Level 2.9 Hexes


You couldn't memorise any spells.
You knew the following spells:

 Your Spells              Type           Power        Failure   Level  Hunger
a - Corona                Hex            #......      12%         1    ##.....
b - Slow                  Hex            #.......     19%         2    ###....


Dungeon Overview and Level Annotations

Branches:
Dungeon (2/15)

Altars:

Annotations:
D:2 Sigmund


Innate Abilities, Weirdness & Mutations

You have hooves in place of feet.
Armour fits poorly on your strangely shaped body.
You cover ground very quickly.
You have extremely tough skin. (AC +3)
You have sharp fingernails.
You are partially covered in thin metallic scales. (AC +2)
You are weak. (Str -2)


Message History

You feel protected.
It was a potion of mutation.
You feel extremely strange.
You feel weaker.
Thin metallic scales grow over part of your body.
Your fingernails lengthen.
Something hits you!
* * * LOW HITPOINT WARNING * * *
A puff of flame appears from out of thin air!
The puff of flame hits you! You resist.
* * * LOW HITPOINT WARNING * * *
As you read the scroll labeled HIDGHIKK ZYBUOH, it crumbles to dust.
It is a scroll of identify.
r - 2 scrolls of remove curse
As you read the scroll labeled SAFER XEDOW, it crumbles to dust.
It is a scroll of enchant weapon.
Your +0 short sword glows red for a moment.
You hear some strange, mumbled words.
A puff of flame appears from out of thin air!
The puff of flame hits you! You resist.
You die...

#....?.###
##........#
#....(....# .. ..
+...(.....# #
#.##.####..(.(....#.#
#.......+............
=......##........# #.
............@...+
#...##.#.#.........#
#.......#.#'#######.#
..#....#.........#
#.#..#...###########
#.#..#.#.# #.....#
#.#..#.#.#####.###.#
#....#.#.......# #.#
#.#....###.#######.##


There were no monsters in sight!

Vanquished Creatures
  An ooze (D:1)
  A dart slug (D:1)
  2 giant cockroaches (D:1)
  3 goblins
  3 hobgoblins (D:1)
  4 kobolds (D:1)
  2 ball pythons (D:1)
  A frilled lizard (D:1)
  3 rats (D:1)
  2 bushes (D:1)
22 creatures vanquished.

Notes
Turn   | Place    | Note
-------+----------+-------------------------------------------
     0 | D:1      | Internecine the Centaur Arcane Marksman began the quest for the Orb.
     0 | D:1      | Reached XP level 1. HP: 16/16 MP: 2/2
   388 | D:1      | Reached skill level 3 in Bows
   459 | D:1      | Reached XP level 2. HP: 19/23 MP: 3/3
  1489 | D:1      | Learned a level 2 spell: Slow
  1769 | D:2      | Noticed Sigmund
  1780 | D:2      | Gained mutation: You are weak. (Str -2) [potion of mutation]
  1780 | D:2      | Gained mutation: You are partially covered in thin metallic scales. (AC +2) [potion of mutation]
  1780 | D:2      | Gained mutation: You have sharp fingernails. [potion of mutation]
  1782 | D:2      | HP: 1/23 [something/puff of flame (3)]
  1784 | D:2      | Killed from afar by Sigmund

Skill      XL: |  1 |
---------------+----+-----
Bows           | 3 |  3.6
Fighting       | |  1.0
Short Blades   | |  0.1
Armour         | |  0.5
Dodging        | |  1.5
Spellcasting   | |  1.0
Hexes          | |  2.9

Action                   || total
-------------------------++-------
Melee: Short sword       ||   241
       Kick              ||   102
 Fire: Shortbow          ||    45
  Use: Scroll            ||     2
       Potion            ||     2
  Eat: Chunk             ||    10
Armor: Leather armour    ||     3
Dodge: Dodged            ||    11
